 Seeded DCSS version 0.29.1-15-g9cfb28693d (webtiles) character file.

Game seed: 1 (custom seed)

70917 Smoke131 the Scorcher (level 14, -7/121 HPs)
             Began as a Purple Draconian Fire Elementalist on Feb 26, 2023.
             Was a High Priest of Vehumet.
             Killed from afar by a fire dragon (30 damage)
             ... with a blast of flame
             ... on level 13 of the Dungeon.
             The game lasted 01:18:12 (32124 turns).

Smoke131 the Scorcher (DrFE)                       Turns: 32124, Time: 01:18:13

Health: -7/121     AC: 18    Str: 10    XL:     14   Next: 95%
Magic:  16/37      EV: 16    Int: 19    God:    Vehumet [*****.]
Gold:   2260       SH:  7    Dex: 14    Spells: 5/33 levels left

rFire   . . .      SeeInvis .   N - +2 Maxwell's thermic engine {flame, freeze}
rCold   + . .      Faith    .   p - +2 buckler
rNeg    . . .      Spirit   .   (body armour unavailable)
rPois   .          Reflect  .   M - +1 hat
rElec   .          Harm     .   L - +2 cloak
rCorr   .          Rampage  .   (no gloves)
Will    ++...                   d - +1 pair of boots of the Distant Future {rC+}
Stlth   ++........              c - amulet of the acrobat
HPRegen 0.30/turn               D - ring of magical power
MPRegen 0.25/turn               O - +4 ring of protection

@: very slightly contaminated
A: breathe power, AC +8, unfitting armour, cold-blooded
a: Breathe Dispelling Energy, Renounce Religion


You were on level 13 of the Dungeon.
You worshipped Vehumet.
Vehumet was extremely pleased with you.
You visited 4 branches of the dungeon, and saw 21 of its levels.

You collected 2344 gold pieces.
You spent 84 gold pieces at shops.

Inventory:

Hand Weapons
 u - a +4 vorpal spear
 N - the +2 Maxwell's thermic engine (weapon) {flame, freeze}
   (You found it on level 1 of the Lair of Beasts)

   It burns those it strikes, dealing additional fire damage.
   Big, fiery blades are also staple armaments of hydra-hunters.
   It freezes those it strikes, dealing additional cold damage.
   It can also slow down cold-blooded creatures.
   It becomes more effective when it hits something.
   This effect fades over time.
Missiles
 a - a throwing net
Armour
 d - the +1 pair of boots of the Distant Future (worn) {rC+}
   (You acquired it on level 4 of the Dungeon)

   rC:        It protects you from cold.
 e - a scarf of resistance
 p - a +2 buckler (worn)
 L - a +2 cloak (worn)
 M - a +1 hat (worn)
Jewellery
 c - an amulet of the acrobat (around neck)
 i - an amulet of guardian spirit
 m - a ring of positive energy
 t - a ring of protection from cold
 z - a ring of protection from fire
 D - a ring of magical power (left hand)
 G - a ring of protection from cold
 J - a ring of positive energy
 O - a +4 ring of protection (right hand)
Wands
 j - a wand of roots (9)
 q - a wand of mindburst (35)
 r - a wand of flame (50)
 F - a wand of paralysis (26)
 H - a wand of polymorph (11)
Scrolls
 h - 4 scrolls of identify
 o - 2 scrolls of summoning
 v - a scroll of amnesia
 y - 3 scrolls of enchant weapon
 E - 3 scrolls of fog
 K - a scroll of vulnerability
 P - a scroll of brand weapon
 R - a scroll of teleportation
Potions
 b - a potion of haste
 f - 6 potions of attraction
 g - 3 potions of flight
 k - a potion of ambrosia
 l - 3 potions of berserk rage
 n - 8 potions of lignification
 s - 3 potions of cancellation
 x - 4 potions of magic
 A - 2 potions of brilliance
 B - 2 potions of might
 C - 7 potions of curing
 I - a potion of invisibility
 Q - 2 potions of mutation {unknown}


   Skills:
 - Level 10.0 Fighting
 + Level 2.9 Long Blades
 - Level 10.0 Dodging
 - Level 2.0 Stealth
 - Level 5.0 Shields
 - Level 10.0 Spellcasting
 - Level 15.0 Conjurations
 - Level 15.0 Fire Magic


You had 5 spell levels left.
You knew the following spells:

 Your Spells              Type           Power      Damage    Failure   Level
a - Foxfire               Conj/Fire      100%       2x1d9     0%          1
b - Scorch                Fire           100%       2d10      1%          2
c - Conjure Flame         Conj/Fire      61%        6-21      1%          3
d - Flame Wave            Conj/Fire      61%        2d14      1%          4
e - Fireball              Conj/Fire      30%        3d13      1%          5
f - Starburst             Conj/Fire      30%        6d9       1%          6
z - Orb of Destruction    Conj           30%        9d10      4%          7

Your spell library contained the following spells:

 Spells                   Type           Power      Damage    Failure   Level
 Freezing Cloud           Conj/Ice/Air   14%        6-21      9%          5
 Magic Dart               Conj           100%       1d8       0%          1
 Inner Flame              Hex/Fire       38%        N/A       1%          3
 Mephitic Cloud           Conj/Pois/Air  28%        N/A       1%          3
 Iskenderun's Battlesphe  Conj           61%        2d11      1%          5
 Poisonous Vapours        Pois/Air       18%        N/A       4%          2
 Apportation              Tloc           18%        N/A       10%         1
 Necrotise                Necr           36%        1d5       10%         1
 Sting                    Tmut/Pois      36%        1d4       10%         1
 Summon Small Mammal      Summ           36%        N/A       10%         1
 Call Imp                 Summ           9%         N/A       14%         2
 Olgreb's Toxic Radiance  Pois           9%         N/A       24%         4
 Ozocubu's Armour         Ice            9%         N/A       28%         3
 Blade Hands              Tmut           4%         N/A       95%         5
 Metabolic Englaciation   Hex/Ice        4%         N/A       95%         5
 Conjure Ball Lightning   Conj/Air       19%        3x3d6     17%         6
 Iron Shot                Conj/Erth      19%        9d4       17%         6
 Simulacrum               Ice/Necr       4%         N/A       100%        6
 Ozocubu's Refrigeration  Ice            4%         4d8       100%        7
 Animate Armour           Summ/Erth      Unusable   N/A       N/A         4

Dungeon Overview and Level Annotations

Branches:
Dungeon (13/15)            Temple (1/1) D:7            Lair (5/5) D:10
 Shoals (0/4) Lair:3       Spider (0/4) Lair:3        Slime (0/5) Lair:4
    Orc (2/2) D:12            Elf (0/3) Orc:2
 Vaults: D:13-14

Altars:
Ashenzari
Cheibriados
Dithmenos
Elyvilon
Fedhas
Gozag
Hepliaklqana
Kikubaaqudgha
Makhleb
Nemelex Xobeh
Okawaru
Qazlal
Ru
Sif Muna
Trog
Uskayaw
Vehumet
Wu Jian
Xom
Yredelemnul
Zin
The Shining One
Jiyva

Shops:
D:3 (   D:8 ?(==   D:10 :   D:13 !   Orc:2 ([*=

Annotations:
Orc:2 1 runed translucent door, nachturnus's ghost, journeyman TrMo


Innate Abilities, Weirdness & Mutations

You can breathe bolts of dispelling energy.
Your rich purple scales are hard. (AC +8)
You cannot fit into any form of body armour.
You are cold-blooded and may be slowed by cold attacks.


Message History

You carefully extract the barbed spikes from your body.
You block the manticore's attack. The manticore barely misses you.
You block the manticore's attack.
Casting: Scorch (safe; 1% risk of failure)
Confirm with . or Enter, or press ? or * to list all spells.
Casting: Starburst (mildly dangerous; 1% risk of failure)
Press: ? - help, Dir - look around, f - activate You miscast Starburst.
You are very lightly contaminated with residual magic.
You are blasted with magical energy!
The manticore bites you!
* * * LOW HITPOINT WARNING * * *
You block the manticore's attack.
The manticore claws you but does no damage.
Casting: Starburst (mildly dangerous; 1% risk of failure)
Confirm with . or Enter, or press ? or * to list all spells.
Casting: Starburst (mildly dangerous; 1% risk of failure)
Press: ? - help, Dir - look around, f - activate The bolt of fire hits the manticore!!!
The manticore is burned terribly!
You kill the manticore!
Vehumet accepts your kill.
The bolt of fire hits the red ugly thing!!
The red ugly thing is severely wounded.
The bolt of fire hits the fire crab.
The fire crab completely resists.
The bolt of fire hits the fire dragon.
The fire dragon resists.
The fire dragon is lightly wounded.
Casting: Starburst (mildly dangerous; 1% risk of failure)
Confirm with . or Enter, or press ? or * to list all spells.
Casting: Starburst (mildly dangerous; 1% risk of failure)
Press: ? - help, Dir - look around, f - activate The bolt of fire hits the red ugly thing!!
You kill the red ugly thing!
Vehumet accepts your kill.
You feel your power returning.
The bolt of fire hits the fire crab.
The fire crab completely resists.
The bolt of fire hits the fire dragon!
The fire dragon resists.
The fire dragon is lightly wounded.
The fire dragon breathes flames at you.
The blast of flame hits the fire crab.
The fire crab completely resists.
The blast of flame hits you!!
You die...

#.......# # .#
#.......# #.# #
#.......# #.# #.
#.......# #D#
#.######'##.....
#.#
#.........#.....
#t#
#.........+.....
#†#####..###+#.....
#@#.##..# ...
###......#
#........#
#....##### ######


You could see a fire dragon (catching breath) and a fire crab.

Vanquished Creatures
  Rupert (D:12)
  Donald (Orc:2)
  An orc warlord (Orc:2)
  Nessos (D:12)
  Azrael (D:13)
  Fannar (Lair:2)
  A hydra (D:13)
  Erolcha (D:10)
  4 catoblepae
  2 two-headed ogres
  3 orc high priests (Orc:2)
  10 death yaks
  Urug (Orc:1)
  4 skeletal warriors (D:13)
  Lodul (D:12)
  6 orc sorcerers
  3 orc knights (Orc:2)
  A cyclops (D:12)
  2 ugly things
  4 manticores
  5 black mambas
  5 elephants (Lair:4)
  11 cane toads
  Maggie (D:6)
  4 rime drakes
  An unseen horror (D:12)
  15 komodo dragons
  4 kobold demonologists (D:11)
  A tengu conjurer (D:12)
  5 trolls
  Prince Ribbit (D:9)
  A polar bear (Lair:4)
  17 blink frogs
  5 dream sheep (Lair:4)
  A snapping turtle (Lair:3)
  2 shadows
  2 vampires
  2 wraiths (D:12)
  63 yaks
  2 fire elementals
  5 wyverns
  3 basilisks
  Eustachio (D:5)
  4 vampire mosquitoes (D:13)
  2 steam dragons
  Menkaure (D:5)
  Edmund (D:6)
  2 wargs
  2 acid dragons
  16 water moccasins
  2 hell hounds (D:13)
  34 orc warriors
  An ice beast (D:8)
  5 sky beasts
  2 black bears (D:6)
  5 centaurs
  11 ogres
  A wolf (D:10)
  2 phantoms (D:6)
  3 kobold brigands
  3 necrophages
  6 bullfrogs
  A gnoll sergeant (D:7)
  10 scorpions
  21 wights
  3 killer bees (D:10)
  3 electric eels
  A howler monkey (D:5)
  2 jellies (D:6)
  6 hounds
  31 orc priests
  2 gnoll boudas
  6 iguanas
  4 hell rats (Lair:3)
  30 orc wizards
  Robin (D:3)
  18 gnolls
  13 adders
  3 shadow imps
  2 white imps (D:7)
  An ufetubus (D:5)
  4 worms
  95 orcs
  11 endoplasms
  3 giant cockroaches
  16 goblins
  9 hobgoblins
  A jackal (D:4)
  27 kobolds
  A quokka (D:1)
  5 ball pythons
  4 bats
  3 frilled lizards
  6 rats
652 creatures vanquished.

Vanquished Creatures (others)
  A quokka (D:7)
  447 foxfires
  45 fungi
  58 plants
551 creatures vanquished.

Grand Total: 1203 creatures vanquished

Notes
Turn   | Place    | Note
-------+----------+-------------------------------------------
     0 | D:1      | Smoke131 the Draconian Fire Elementalist began the quest
                  | for the Orb.
     0 | D:1      | Reached XP level 1. HP: 14/14 MP: 3/3
   313 | D:1      | Reached XP level 2. HP: 20/20 MP: 1/5
   316 | D:1      | Learned a level 2 spell: Scorch
  1435 | D:1      | Reached XP level 3. HP: 22/26 MP: 1/6
  1745 | D:2      | Reached XP level 4. HP: 6/33 MP: 0/7
  3000 | D:3      | Learned a level 3 spell: Conjure Flame
  3282 | D:3      | Found Umat's Antique Weapon Boutique.
  3285 | D:3      | Reached XP level 5. HP: 38/38 MP: 6/9
  3364 | D:3      | Noticed Robin
  3382 | D:3      | Killed Robin
  3771 | D:4      | Identified a scroll of acquirement
  3771 | D:4      | Acquired the +1 pair of boots of the Distant Future {rC+}
  3994 | D:4      | Reached XP level 6. HP: 45/45 MP: 10/10
  4043 | D:4      | Learned a level 4 spell: Flame Wave
  4080 | D:4      | Found a hazy altar of Hepliaklqana.
  4396 | D:4      | Your scales start taking on a rich purple colour.
  4396 | D:4      | Reached XP level 7. HP: 50/50 MP: 7/13
  5049 | D:5      | Entered Level 5 of the Dungeon
  5215 | D:5      | Noticed Eustachio
  5360 | D:5      | Killed Eustachio
  5443 | D:5      | Reached XP level 8. HP: 57/57 MP: 2/15
  5725 | D:5      | Noticed Menkaure
  5732 | D:5      | Killed Menkaure
  5959 | D:5      | Reached skill level 5 in Spellcasting
  7191 | D:6      | Noticed Edmund
  7216 | D:6      | Killed Edmund
  7520 | D:6      | Reached XP level 9. HP: 59/62 MP: 11/16
  8100 | D:6      | Noticed Maggie
  8120 | D:6      | Killed Maggie
  9078 | D:7      | Found a hide-covered altar of Uskayaw.
  9080 | D:7      | Found a staircase to the Ecumenical Temple.
  9098 | Temple   | Entered the Ecumenical Temple
  9175 | Temple   | Became a worshipper of Vehumet
  9278 | D:7      | Reached XP level 10. HP: 69/69 MP: 17/17
  9772 | D:7      | Found a white marble altar of Elyvilon.
 10104 | D:7      | Reached * piety under Vehumet
 10104 | D:7      | Offered knowledge of Magic Dart by Vehumet.
 10604 | D:8      | Found Quzidd's Magic Scroll Emporium.
 10609 | D:8      | Bought a scroll of identify for 28 gold pieces
 10609 | D:8      | Bought a scroll of identify for 28 gold pieces
 10609 | D:8      | Bought a scroll of identify for 28 gold pieces
 10794 | D:8      | Found Esumer's Weapon Shop.
 10849 | D:8      | Reached skill level 10 in Fire Magic
 11379 | D:8      | Found Heidghoki's Jewellery Shop.
 11393 | D:8      | Found Zoxtaeshakh's Jewellery Boutique.
 12210 | D:9      | Noticed Prince Ribbit
 12216 | D:9      | Killed Prince Ribbit
 12261 | D:9      | Reached skill level 10 in Conjurations
 12396 | D:9      | Learned a level 5 spell: Fireball
 12534 | D:9      | Noticed a two-headed ogre
 12556 | D:9      | Killed a two-headed ogre
 12659 | D:9      | Reached ** piety under Vehumet
 12659 | D:9      | Offered knowledge of Sandblast by Vehumet.
 13044 | D:10     | Entered Level 10 of the Dungeon
 13111 | D:10     | Reached skill level 10 in Dodging
 13120 | D:10     | Reached skill level 1 in Shields
 13356 | D:10     | Reached XP level 11. HP: 74/74 MP: 11/18
 13637 | D:10     | Found Juagoaq's Book Shoppe.
 13802 | D:10     | Identified the +5 long sword of the Land of Plenty {drain,
                  | Dex+3}
 13812 | D:10     | Noticed Erolcha
 13838 | D:10     | Killed Erolcha
 13839 | D:10     | Reached skill level 5 in Shields
 13965 | D:10     | Offered knowledge of Stone Arrow by Vehumet.
 13966 | D:10     | Reached skill level 1 in Fighting
 14085 | D:10     | Found a staircase to the Lair.
 14298 | D:10     | Reached *** piety under Vehumet
 14639 | D:10     | Reached skill level 5 in Fighting
 15302 | D:11     | Noticed a soul eater
 15568 | D:11     | Offered knowledge of Fulminant Prism by Vehumet.
 15658 | D:11     | Noticed a green ugly thing
 15666 | D:11     | Killed a green ugly thing
 16116 | D:12     | Noticed a two-headed ogre
 16309 | Lair:1   | Entered Level 1 of the Lair of Beasts
 16416 | D:10     | Reached XP level 12. HP: 104/105 MP: 19/19
 16533 | Lair:1   | Reached skill level 10 in Fighting
 17064 | Lair:1   | Found the +2 Maxwell's thermic engine {flame, freeze}
 17113 | Lair:1   | Reached **** piety under Vehumet
 17846 | Lair:2   | Offered knowledge of Lightning Bolt by Vehumet.
 18366 | Lair:2   | Noticed Fannar
 18396 | Lair:2   | Killed Fannar
 18803 | Lair:2   | Noticed a catoblepas
 19371 | Lair:2   | Killed a catoblepas
 20061 | Lair:3   | Found a hole to the Spider Nest.
 20146 | Lair:3   | Found an ancient bone altar of Kikubaaqudgha.
 20289 | Lair:3   | Found a staircase to the Shoals.
 20315 | Lair:3   | Noticed a death yak
 20316 | Lair:3   | Noticed a death yak
 20317 | Lair:3   | Noticed a death yak
 20318 | Lair:3   | Noticed a death yak
 20337 | Lair:3   | Killed a death yak
 20834 | Lair:3   | Killed a death yak
 20838 | Lair:3   | Killed a death yak
 20839 | Lair:3   | Reached XP level 13. HP: 113/113 MP: 5/25
 21348 | Lair:4   | Found a viscous altar of Jiyva.
 21365 | Lair:4   | Reached ***** piety under Vehumet
 21371 | Lair:4   | Offered knowledge of Eringya's Noxious Bog by Vehumet.
 21779 | Lair:4   | Identified the +3 battleaxe "Adididghufym" {antimagic, rF+
                  | Will+}
 22372 | Lair:4   | Found a staircase to the Slime Pits.
 22827 | Lair:5   | Entered Level 5 of the Lair of Beasts
 23756 | Lair:5   | Reached skill level 10 in Spellcasting
 25730 | Lair:5   | Reached XP level 14. HP: 102/121 MP: 18/28
 25740 | Lair:5   | Offered knowledge of Starburst by Vehumet.
 25900 | Lair:5   | Learned a level 6 spell: Starburst
 26348 | D:12     | Found a staircase to the Orcish Mines.
 26578 | D:12     | Noticed Lodul
 26581 | D:12     | Killed Lodul
 26963 | D:12     | Noticed Rupert
 27142 | D:12     | Noticed Nessos
 27150 | D:12     | Killed Nessos
 27603 | D:12     | Killed Rupert
 27742 | Orc:1    | Entered Level 1 of the Orcish Mines
 28057 | Orc:1    | Noticed Urug
 28063 | Orc:1    | Killed Urug
 28776 | Orc:2    | Entered Level 2 of the Orcish Mines
 28882 | Orc:2    | Found a staircase to the Elven Halls.
 28952 | Orc:2    | Found a runed translucent door.
 28955 | Orc:2    | Noticed nachturnus's ghost (journeyman TrMo)
 28976 | Orc:2    | Noticed Donald
 28994 | Orc:2    | Killed Donald
 29435 | Orc:2    | Noticed an orc warlord
 29971 | Orc:2    | Killed an orc warlord
 30337 | Orc:2    | Offered knowledge of Freezing Cloud by Vehumet.
 30883 | Orc:2    | Found Pisuawn's Antique Armour Emporium.
 30884 | Orc:2    | Found Luduu's Antique Weapon Emporium.
 30886 | Orc:2    | Found Leshref's General Store.
 30886 | Orc:2    | Found Geemeife's Jewellery Shoppe.
 31133 | D:13     | Noticed Azrael
 31620 | D:12     | Learned a level 7 spell: Orb of Destruction
 31752 | D:13     | Killed Azrael
 31926 | D:13     | Reached skill level 15 in Conjurations
 31926 | D:13     | Reached skill level 15 in Fire Magic
 31934 | D:13     | Reached skill level 1 in Long Blades
 32041 | D:13     | Found Ituota Roil's Distillery.
 32124 | D:13     | Killed from afar by a fire dragon

Illustrated notes

Levels and vault maps discovered:
D:1:      dpeg_arrival_three_smaller_balls, layout_basic
D:2:      layout_loops_ring
D:3:      layout_basic, serial_shops, nicolae_shop_stone, st_stairs_9,
          minmay_misc_feat_doors, eino_curves_03, uniq_robin
D:4:      minmay_wonky_spiral, layout_basic,
          mainiacjoe_overflow_surrounded_room, minivault_5
D:5:      layout_cave_pods, uniq_menkaure, uniq_eustachio
D:6:      cheibrodos_barr_body, layout_basic, minmay_crystal_room,
          minmay_pentangle, uniq_maggie, uniq_edmund
D:7:      layout_cave_pools, nicolae_uskayaw_murder_on_the_dancefloor,
          elyvilon_altar_4, minmay_temple_entry_purple_smoke
D:8:      layout_basic, serial_shops, shop_statue, kennysheep_little_box, shop,
          nicolae_shop_window_shopping
D:9:      layout_cave_pools, uniq_prince_ribbit1
D:10:     layout_stronghold, erik_lair_island, serial_shops,
          nicolae_shop_statue_plus, uniq_erolcha
D:11:     layout_roguey
D:12:     layout_loops_ring, orc_0_dummy, chequers_serial_rivers_marsh,
          uniq_lodul, uniq_nessos, uniq_rupert
D:13:     layout_gridville, david_vaults_5, serial_shops,
          nicolae_shop_behind_doors, minmay_fractal_squares_gapless_5,
          uniq_azrael
Temple:   nicolae_temple_bog_church
Lair:1:   layout_long_grid, fungi_pond_lemuel, cheibrodos_lair_reptile_den
Lair:2:   layout_gridlike, uniq_fannar
Lair:3:   layout_roguey, minmay_shoals_entry_hut,
          nicolae_spider_entry_non_spiders, basic_altar, serial_bayou_crossing
Lair:4:   layout_gridlike, slime_entry_1, serial_rivers,
          chequers_serial_rivers_room_a, chequers_serial_rivers_micro_c,
          chequers_serial_rivers_room_a, chequers_serial_rivers_micro_e,
          minivault_27, grunt_megastairs_3, infiniplex_staircase_pool_2
Lair:5:   evilmike_catoblepas_cave, layout_long_grid
Orc:1:    layout_caves, basic_altar, uniq_urug
Orc:2:    st_orc_congregation, layout_caves, gauntlet_entry_generic,
          hellmonk_ghost_happy_afterlife, uniq_donald

Skill      XL: |  1  2  3  4  5  6  7  8  9 10 11 12 13 14 |
---------------+-------------------------------------------+-----
Stealth        | 2 |  2.0
Dodging        | 2 7 8 10 | 10.0
Conjurations   | 2 7 8 9 10 11 13 15 | 15.0
Spellcasting   | 3 4 5 8 10 | 10.0
Fire Magic     | 8 9 10 11 13 15 | 15.0
Shields        | 3 5 |  5.0
Fighting       | 9 10 | 10.0
Long Blades    | 2 |  2.9

Action                   |  1- 3 |  4- 6 |  7- 9 | 10-12 | 13-15 || total
-------------------------+-------+-------+-------+-------+-------++-------
Melee: Dagger            |    12 |    32 |       |       |       ||    44
       Tailslap          |     2 |     5 |     8 |    20 |    27 ||    62
       Spear             |       |    12 |       |    12 |       ||    24
       Long sword        |       |     4 |    37 |    76 |       ||   117
       Punch             |       |       |     1 |       |       ||     1
       Double sword      |       |       |       |    48 |   170 ||   218
 Cast: Foxfire           |    61 |    72 |     5 |    58 |    68 ||   264
       Scorch            |       |     5 |   162 |   336 |   335 ||   838
       Conjure Flame     |       |       |     3 |     2 |     7 ||    12
       Flame Wave        |       |       |     2 |    10 |    36 ||    48
       Fireball          |       |       |       |    30 |    29 ||    59
       Starburst         |       |       |       |       |    25 ||    25
       Orb of Destructio |       |       |       |       |     2 ||     2
 Abil: Breathe Dispellin |       |       |     4 |     6 |     1 ||    11
Evoke: Wand              |       |       |       |       |     2 ||     2
  Use: Potion            |       |     2 |       |     3 |     3 ||     8
       Scroll            |       |     9 |       |    22 |     3 ||    34
 Stab: Sleeping          |       |     2 |     3 |       |     1 ||     6
       Invisible         |       |       |       |       |     1 ||     1
Armor: Skin              |     4 |    23 |    37 |    91 |   135 ||   290
Dodge: Dodged            |    28 |    33 |   146 |   298 |   348 ||   853
Block: Buckler           |       |       |       |    75 |   142 ||   217
